Selects Australian Defense Battlegroup
Selects Australian Light Infantry Section
Australian Light Infantry Section
Australian Light Infantry Section
Australian Light Infantry Section
Australian Light Infantry Section
Construct Section Command Post
Construct Platoon Command Post
Selects CMP 15cwt Supply Run
Selects Reinforced Resource Caches
6-pounder Anti-tank Gun Team
6-pounder Anti-tank Gun Team
Australian Light Infantry Section
Selects Archer Tank Destroyer
Selects 2-pounder Anti-tank Gun Team
Selects 2-pounder Anti-tank Gun Team
Selects Vehicle Over Repair
Australian Light Infantry Section
Construct Company Command Post
Unlock M3 Grant Medium Tanks